 Dungeon Crawl Stone Soup version 0.19.5 (webtiles) character file.

70501 ghjk the Severer (level 14, 0/135 HPs)
             Began as a Minotaur Fighter on May 1, 2017.
             Was the Champion of Okawaru.
             Shot with an arrow by Nessos (5 damage)
             ... on level 15 of the Dungeon.
             The game lasted 00:37:18 (23299 turns).

ghjk the Severer (Minotaur Fighter)                Turns: 23299, Time: 00:37:19

Health: 0/135      AC: 26    Str: 25    XL:     14   Next: 94%
Magic:  13/13      EV: 14    Int:  5    God:    Okawaru [******]
Gold:   1433       SH:  0    Dex: 11    Spells: 0 memorised, 13 levels left

rFire  . . .     SeeInvis .     H - +3 battleaxe
rCold  . . .     Gourm    .     B - +2 plate armour of the Desert {rCorr Stlth+}
rNeg   . . .     Faith    .     (shield currently unavailable)
rPois  .         Spirit   .     h - +1 hat
rElec  .         Reflect  .     k - +1 cloak
rCorr  +         Harm     .     Y - +0 pair of gloves
MR     +....                    e - +0 pair of boots
Stlth  ..........               (no amulet)
                                p - +4 ring of evasion
                                m - +1 ring of protection

@: lethally poisoned (0 -> -3)
A: retaliatory headbutt, horns 2
a: Heroism, Finesse, Renounce Religion


You were on level 15 of the Dungeon.
You worshipped Okawaru.
Okawaru was exalted by your worship.
You were not hungry.

You visited 3 branches of the dungeon, and saw 22 of its levels.
You also visited: Ossuary and Bailey.

You collected 1433 gold pieces.

Inventory:

Hand Weapons
 b - a +0 dire flail
 H - a +3 battleaxe (weapon)
 N - a +1 broad axe of chopping
Armour
 e - a +0 pair of boots (worn)
 h - a +1 hat (worn)
 k - a +1 cloak (worn)
 B - the +2 plate armour of the Desert (worn) {rCorr Stlth+}
   (You found it on level 1 of the Lair of Beasts)

   It protects you from acid and corrosion.
   It makes you more stealthy.
 Y - a +0 pair of gloves (worn)
Jewellery
 m - a +1 ring of protection (left hand)
 p - a +4 ring of evasion (right hand)
 q - an uncursed ring of resist corrosion
 A - an uncursed ring of protection from magic
 C - an uncursed ring of fire
 M - an uncursed ring of positive energy
Wands
 c - a wand of disintegration (7/24)
 l - a wand of lightning (10/15)
 D - a wand of acid (9/15)
 E - a wand of digging (4/24)
 O - a wand of digging (8/24)
 Q - a wand of disintegration (8/24)
 T - a wand of polymorph (12/24)
 V - a wand of disintegration (17/24)
Scrolls
 g - 2 scrolls of enchant armour
 o - 3 scrolls of amnesia
 r - 5 scrolls of teleportation
 t - 7 scrolls of remove curse
 v - 6 scrolls of enchant weapon
 x - 5 scrolls of recharging
 y - 5 scrolls of fog
 I - 2 scrolls of summoning
 K - 3 scrolls of magic mapping
 X - 9 scrolls of identify
Potions
 a - a potion of cure mutation
 i - 5 potions of flight
 j - 2 potions of brilliance
 n - a potion of lignification
 s - 5 potions of curing
 u - 7 potions of magic
 w - 2 potions of haste
 z - a potion of ambrosia
 F - 2 potions of cancellation
 G - 2 potions of berserk rage
 J - 2 potions of resistance
 R - a potion of agility
 U - 7 potions of might
Comestibles
 d - 10 meat rations
 f - 6 bread rations
 L - a beef jerky


   Skills:
 + Level 15.4 Fighting
 + Level 20.6 Axes
 + Level 1.2(14.1) Maces & Flails
 + Level 14.8 Armour
 + Level 5.7 Dodging
   Level 3.7 Shields
 + Level 0.6 Invocations


You had 13 spell levels left.
You didn't know any spells.

Dungeon Overview and Level Annotations

Branches:
Dungeon (15/15)            Temple (1/1) D:7            Lair (6/6) D:10
 Shoals (0/4) Lair:3        Snake (0/4) Lair:2          Orc (0/2) D:11
 Vaults (0/5) D:14
  Slime: Lair:5-6    Depths: D:15

Altars:
Ashenzari
Cheibriados
Dithmenos
Elyvilon
Fedhas
Gozag
Hepliaklqana
Kikubaaqudgha
Makhleb
Nemelex Xobeh
Okawaru
Qazlal
Ru
Sif Muna
Trog
Uskayaw
Vehumet
Xom
Yredelemnul
Zin
The Shining One

Annotations:
D:15 Nessos
Lair:3 exclusion: 2 oklob plants
Lair:6 exclusion: 2 oklob plants


Innate Abilities, Weirdness & Mutations

You reflexively headbutt those who attack you in melee.
You have a pair of horns on your head.


Message History

You see here 8 arrows.
A hill giant comes into view. It is wielding a giant club.
The hill giant shouts!
Nessos blinks!
Nessos pounds the earth with his hooves.
Nessos wields an uncursed longbow of flaming.
It bursts into flame!
Nessos shoots an arrow.
The arrow hits you but does no damage.
You see here 4 arrows.
You see here an arrow.
You see here an arrow.
The hill giant hits you with a giant club!
* * * LOW HITPOINT WARNING * * *
There is a stone staircase leading up, spattered with blood here.
Nessos shoots an arrow.
The arrow hits you but does no damage.
Nessos shoots an arrow.
The arrow hits you!
* * * LOW HITPOINT WARNING * * *
The arrow burns you.
You are poisoned.
You die...

#..........
#.........#
#.........#
#.........#
#.........# #..#
..........# #..#
......[.C.+
#..######
.......@..#
#........
........((#
###........
..#######(#
#..........
#(####.....§....
#.c...(§c.......
#.#######.......
#.# .[..... ..#
....... ...#
#......


You could see Nessos and a hill giant.

Vanquished Creatures
  Josephine (Lair:5)
  2 hydras
  A catoblepas (Lair:6)
  2 centaur warriors
  The ghost of Frank the Basher, a journeyman GrFi of the Shining One (Lair:1)
  9 death yaks
  A queen ant (Lair:3)
  A tengu warrior (D:14)
  Urug (Lair:5)
  The ghost of Doomgape the Carver, a journeyman VSFi of Hepliaklqana (Lair:2)
  Sonja (D:11)
  The ghost of Doomgape the Carver, a novice MiFi of Hepliaklqana (D:8)
  An orc knight (Bailey)
  A lindwurm (Lair:5)
  3 hill giants
  3 cyclopes
  An ugly thing (D:12)
  9 elephants (Lair:5)
  A manticore (D:12)
  6 black mambas
  A siren (Lair:3)
  7 spiny frogs
  7 komodo dragons
  A rime drake (shapeshifter) (D:14)
  3 rime drakes
  2 ice devils (Lair:1)
  A freezing wraith (D:14)
  A tengu conjurer (D:14)
  A wolf spider simulacrum (D:14)
  2 trolls
  4 polar bears
  A jumping spider (shapeshifter) (D:13)
  5 hornets (Lair:6)
  A merfolk (Lair:3)
  13 blink frogs
  3 two-headed ogres
  13 hippogriffs
  69 yaks
  15 spriggans (Lair:6)
  A vampire (D:9)
  Eustachio (D:6)
  7 wraiths
  4 wyverns
  3 basilisks
  A hungry ghost (D:11)
  A steam dragon (D:11)
  2 vampire mosquitoes (D:12)
  4 wargs (D:11)
  A mottled dragon (D:14)
  18 soldier ants
  3 nagas (Lair:2)
  12 water moccasins
  4 porcupines
  6 orc warriors
  7 ice beasts
  5 sky beasts
  2 necrophages
  7 ogres
  3 black bears
  32 wolves
  3 boggarts (Lair:6)
  10 centaurs
  2 elf zombies (Ossuary)
  2 big kobolds
  14 crocodiles
  14 bullfrogs
  A wyvern zombie (D:8)
  4 scorpions
  A killer bee (D:9)
  16 wights
  2 howler monkeys
  5 centaur zombies
  4 crimson imps
  5 hounds
  A quasit (D:11)
  5 centaur skeletons
  A gnoll shaman (D:5)
  3 bullfrog skeletons
  6 iguanas
  7 jellies
  14 orc wizards
  7 orc priests
  28 worker ants
  A killer bee zombie (D:6)
  2 big kobold zombies (Ossuary)
  A hound zombie (Ossuary)
  2 hound skeletons
  3 mummies (Ossuary)
  A worker ant zombie (D:6)
  21 gnolls
  A howler monkey skeleton (D:9)
  10 adders
  2 shadow imps
  An ooze (D:2)
  2 adder zombies (Ossuary)
  An adder skeleton (D:6)
  2 worms
  3 dart slugs
  4 leopard geckos
  38 orcs
  A ball python (D:3)
  5 giant cockroaches
  2 gnoll zombies (Ossuary)
  18 goblins
  20 hobgoblins
  15 jackals
  34 kobolds
  5 quokkas
  9 bats
  6 frilled lizards
  4 goblin zombies (Ossuary)
  A hobgoblin zombie (Ossuary)
  A jackal skeleton (D:3)
  4 jackal zombies (Ossuary)
  5 kobold zombies (Ossuary)
  2 orc zombies (Ossuary)
  4 quokka zombies
  10 rats
  3 rat zombies (Ossuary)
  5 fungi
  2 plants (Lair:6)
727 creatures vanquished.

Vanquished Creatures (collateral kills)
  A bullfrog (D:9)
  4 killer bees (D:9)
5 creatures vanquished.

Vanquished Creatures (others)
  A bush (Lair:1)
  12 fungi
  2 plants
15 creatures vanquished.

Grand Total: 747 creatures vanquished

Notes
Turn   | Place    | Note
-------+----------+-------------------------------------------
     0 | D:1      | ghjk the Minotaur Fighter began the quest for the Orb.
     0 | D:1      | Reached XP level 1. HP: 19/19 MP: 0/0
   261 | D:1      | Reached XP level 2. HP: 19/27 MP: 1/1
   995 | D:1      | Reached XP level 3. HP: 33/33 MP: 2/2
  1210 | D:2      | Reached skill level 3 in Axes
  1283 | D:2      | Found a snail-covered altar of Cheibriados.
  1436 | D:2      | Reached XP level 4. HP: 40/40 MP: 3/3
  1500 | D:2      | Reached skill level 1 in Dodging
  2036 | D:3      | Reached skill level 4 in Axes
  2054 | D:3      | Reached XP level 5. HP: 25/47 MP: 4/4
  2430 | D:4      | Noticed an ogre
  2439 | D:4      | Killed an ogre
  2439 | D:4      | Reached skill level 5 in Axes
  2439 | D:4      | Reached skill level 5 in Armour
  2520 | D:4      | Reached XP level 6. HP: 55/55 MP: 5/5
  2547 | D:4      | Reached skill level 5 in Fighting
  2783 | D:5      | Entered Level 5 of the Dungeon
  2790 | D:5      | Reached skill level 6 in Axes
  2832 | D:5      | Found a blossoming altar of Fedhas.
  2848 | D:5      | Reached XP level 7. HP: 23/61 MP: 6/6
  2880 | D:5      | Reached skill level 7 in Axes
  3001 | D:5      | Found a sand-covered staircase.
  3027 | Ossuary  | Entered an ossuary
  3322 | Ossuary  | Reached skill level 8 in Axes
  3403 | Ossuary  | Reached XP level 8. HP: 41/70 MP: 7/7
  3670 | D:5      | Reached skill level 9 in Axes
  4109 | D:6      | Noticed Eustachio
  4124 | D:6      | Killed Eustachio
  4272 | D:6      | Reached skill level 10 in Axes
  4316 | D:6      | Found a basalt altar of Yredelemnul.
  4641 | D:6      | Reached XP level 9. HP: 76/79 MP: 8/8
  4835 | D:7      | Reached skill level 11 in Axes
  4838 | D:7      | Noticed a hill giant
  4856 | D:7      | Killed a hill giant
  5406 | D:7      | Found a staircase to the Ecumenical Temple.
  5418 | Temple   | Entered the Ecumenical Temple
  5609 | Temple   | Became a worshipper of Warmaster Okawaru
  5688 | D:7      | Reached skill level 12 in Axes
  6301 | D:8      | Noticed Doomgape's ghost (novice MiFi)
  6310 | D:8      | Killed Doomgape's ghost
  6310 | D:8      | Reached * piety under Okawaru
  6310 | D:8      | Reached XP level 10. HP: 90/90 MP: 9/9
  6517 | D:8      | Reached ** piety under Okawaru
  6730 | D:8      | Reached skill level 13 in Axes
  7376 | D:9      | Reached *** piety under Okawaru
  7780 | D:9      | Found a sparkling altar of Nemelex Xobeh.
  7782 | D:9      | Found a glowing golden altar of the Shining One.
  7823 | D:9      | Found a glowing golden altar of the Shining One.
  8067 | D:10     | Entered Level 10 of the Dungeon
  8124 | D:10     | Found a staircase to the Lair.
  8164 | D:10     | Reached skill level 14 in Axes
  8297 | D:10     | Reached **** piety under Okawaru
  9029 | D:11     | Found a staircase to the Orcish Mines.
  9053 | D:11     | Reached XP level 11. HP: 87/99 MP: 10/10
  9270 | D:11     | Noticed Sonja
  9298 | D:11     | Paralysed by Sonja for 6 turns
  9319 | D:11     | HP: 4/99 [poisoned by Sonja]
  9324 | D:11     | HP: 2/99 [poisoned by Sonja]
  9331 | D:11     | HP: 1/99 [poisoned by Sonja]
  9339 | D:11     | HP: 2/99 [poisoned by Sonja]
  9726 | D:11     | Reached skill level 5 in Dodging
  9860 | D:11     | Paralysed by Sonja for 6 turns
 10217 | D:11     | Reached skill level 10 in Fighting
 10338 | Lair:1   | Entered Level 1 of the Lair of Beasts
 10354 | Lair:1   | Noticed Frank's ghost (journeyman GrFi)
 10373 | Lair:1   | Killed Frank's ghost
 10373 | Lair:1   | Reached ***** piety under Okawaru
 10373 | Lair:1   | Reached skill level 10 in Armour
 10501 | Lair:1   | Got a warped plate armour
 10512 | Lair:1   | Identified the +2 plate armour of the Desert {rCorr Stlth+} (You found it on level 1 of the Lair of Beasts)
 11026 | Lair:1   | Reached skill level 15 in Axes
 11777 | Lair:2   | Received a gift from Okawaru
 11997 | Lair:2   | Reached XP level 12. HP: 101/110 MP: 11/11
 12026 | Lair:2   | Reached ****** piety under Okawaru
 12026 | Lair:2   | Reached skill level 16 in Axes
 12029 | Lair:2   | Found a staircase to the Snake Pit.
 12074 | Lair:2   | Noticed Doomgape's ghost (journeyman VSFi)
 12096 | Lair:2   | Killed Doomgape's ghost
 12386 | Lair:2   | Noticed a seven-headed hydra
 12482 | Lair:2   | Killed an eight-headed hydra
 13297 | Lair:3   | Received a gift from Okawaru
 13505 | Lair:3   | Noticed a queen ant
 13519 | Lair:3   | Killed a queen ant
 13519 | Lair:3   | Reached skill level 17 in Axes
 14085 | Lair:3   | Noticed a death yak
 14112 | Lair:3   | Killed a death yak
 14112 | Lair:3   | Received a gift from Okawaru
 14128 | Lair:3   | Noticed a death yak
 14129 | Lair:3   | Noticed a death yak
 14250 | Lair:3   | Found a staircase to the Shoals.
 14378 | Lair:3   | Noticed a death yak
 14380 | Lair:3   | Noticed a death yak
 14386 | Lair:3   | Killed a death yak
 14393 | Lair:3   | Killed a death yak
 14393 | Lair:3   | Reached XP level 13. HP: 94/119 MP: 12/12
 14528 | Lair:3   | Reached skill level 18 in Axes
 15765 | Lair:4   | Received a gift from Okawaru
 16331 | Lair:5   | Noticed Josephine
 16352 | Lair:5   | Killed Josephine
 16705 | Lair:5   | Received a gift from Okawaru
 17006 | Lair:5   | Reached skill level 19 in Axes
 17165 | Lair:5   | Noticed Urug
 17179 | Lair:5   | Killed Urug
 17404 | Lair:6   | Entered Level 6 of the Lair of Beasts
 17959 | Lair:6   | Reached XP level 14. HP: 128/130 MP: 13/13
 18337 | Lair:6   | Paralysed by a hornet for 1 turns
 18470 | Lair:6   | Received a gift from Okawaru
 19107 | Lair:6   | Reached skill level 20 in Axes
 19490 | Lair:6   | Reached skill level 1 in Maces & Flails
 19889 | D:11     | Paralysed by Sonja for 4 turns
 19903 | D:11     | HP: 5/133 [poisoned by Sonja]
 20130 | D:11     | Paralysed by Sonja for 3 turns
 20138 | D:11     | Killed Sonja
 21354 | D:13     | Reached skill level 15 in Fighting
 21536 | D:13     | Found a flagged portal.
 21548 | Bailey   | Entered a bailey
 22102 | D:13     | Received a gift from Okawaru
 22972 | D:14     | Found a gate to the Vaults.
 23242 | D:15     | Entered Level 15 of the Dungeon
 23252 | D:15     | Noticed Nessos
 23289 | D:15     | HP: 6/135 [Nessos/arrow (5)]
 23299 | D:15     | HP: 5/135 [Nessos/arrow (9)]
 23299 | D:15     | Shot with an arrow by Nessos

Skill      XL: |  1  2  3  4  5  6  7  8  9 10 11 12 13 14 |
---------------+-------------------------------------------+-----
Armour         | 4 5 6 7 8 9 11 12 13 14 | 14.8
Fighting       | 4 5 7 8 9 11 12 13 15 | 15.4
Axes           | 3 4 5 6 8 10 12 14 15 17 19 20 | 20.6
Dodging        | 1 2 3 4 5 |  5.7
Maces & Flails | 1 |  1.2
Shields        | |  3.7
Invocations    | |  0.6

Action                   |  1- 3 |  4- 6 |  7- 9 | 10-12 | 13-15 || total
-------------------------+-------+-------+-------+-------+-------++-------
Melee: War axe           |    93 |   151 |   414 |   539 |       ||  1197
       Headbutt          |     9 |    26 |    79 |   166 |   190 ||   470
       Broad axe         |       |       |       |    66 |       ||    66
       Battleaxe         |       |       |       |   195 |   881 ||  1076
       Dire flail        |       |       |       |     1 |     6 ||     7
Invok: Heroism           |       |       |       |     1 |     1 ||     2
  Use: Potion            |       |     1 |     4 |     8 |     4 ||    17
       Scroll            |       |       |    15 |    11 |    10 ||    36
  Eat: Chunk             |     1 |     6 |     8 |     9 |     7 ||    31
       Fruit             |       |       |     4 |    18 |     8 ||    30
       Beef jerky        |       |       |       |     2 |       ||     2
       Pizza             |       |       |       |     3 |     1 ||     4
       Bread ration      |       |       |       |       |     3 ||     3
Armor: Scale mail        |    51 |    60 |   116 |       |       ||   227
       Chain mail        |       |       |    44 |    25 |       ||    69
       Plate armour      |       |       |       |   356 |   443 ||   799
Dodge: Dodged            |    40 |    41 |    90 |   248 |   573 ||   992
Block: Shield            |    44 |    76 |   179 |   274 |       ||   573
